Workbook
Name \0: #REF!
Name \00: #REF!
Name \a: #REF!
Name \a: #REF!
Name \AA: [1]LIQUIDACION!#REF!
Name \b: [2]STRSUMM0!#REF!
Name \bb: [2]STRSUMM0!#REF!
Name \E: #REF!
Name \EE: #REF!
Name \G: #REF!
Name \k: '[3]7422CW00'!#REF!
Name \l: [4]STRSUMM0!#REF!
Name \M: #REF!
Name \ñ: '[5]7422CW00'!#REF!
Name \P: #REF!
Name \R: #REF!
Name \s: #REF!
Name \s: #REF!
Name \V: #REF!
Name \X: 'INDICAR CÓDIGO DEL ITEM DE PAGO'!ERR
Name \X: [0]!ERR
Name \Z: 'INDICAR CÓDIGO DEL ITEM DE PAGO'!ERR
Name \Z: [0]!ERR
Name _________AFC1: [6]INV!$A$25:$D$28
Name _________AFC3: [6]INV!$F$25:$I$28
Name _________AFC5: [6]INV!$K$25:$N$28
Name _________BGC1: [6]INV!$A$5:$D$8
Name _________BGC3: [6]INV!$F$5:$I$8
Name _________BGC5: [6]INV!$K$5:$N$8
Name _________CAC1: [6]INV!$A$19:$D$22
Name _________CAC3: [6]INV!$F$19:$I$22
Name _________CAC5: [6]INV!$K$19:$N$22
Name _________PJ50: #REF!
Name _________PJ50: #REF!
Name _________SBC1: [6]INV!$A$12:$D$15
Name _________SBC3: [6]INV!$F$12:$I$15
Name _________SBC5: [6]INV!$K$12:$N$15
Name ________AFC1: [6]INV!$A$25:$D$28
Name ________AFC3: [6]INV!$F$25:$I$28
Name ________AFC5: [6]INV!$K$25:$N$28
Name ________BGC1: [6]INV!$A$5:$D$8
Name ________BGC3: [6]INV!$F$5:$I$8
Name ________BGC5: [6]INV!$K$5:$N$8
Name ________CAC1: [6]INV!$A$19:$D$22
Name ________CAC3: [6]INV!$F$19:$I$22
Name ________CAC5: [6]INV!$K$19:$N$22
Name ________MA2: #REF!
Name ________MA2: #REF!
Name ________PJ50: #REF!
Name ________PJ50: #REF!
Name ________SBC1: [6]INV!$A$12:$D$15
Name ________SBC3: [6]INV!$F$12:$I$15
Name ________SBC5: [6]INV!$K$12:$N$15
Name _______AFC1: [6]INV!$A$25:$D$28
Name _______AFC3: [6]INV!$F$25:$I$28
Name _______AFC5: [6]INV!$K$25:$N$28
Name _______BGC1: [6]INV!$A$5:$D$8
Name _______BGC3: [6]INV!$F$5:$I$8
Name _______BGC5: [6]INV!$K$5:$N$8
Name _______CAC1: [6]INV!$A$19:$D$22

Sheet PRESUPUESTO OFICIAL (Entidad)
B2: Formulario 1 - Propuesta económica - Documento tipo de mínima cuantía de obra pública de infraestructura social
B3: Versión: 1 de 21 de agosto de 2025
C9: FORMULARIO 1
C10: PRESUPUESTO OFICIAL
C11: Nº | D11: ITEM DE PAGO | E11: DESCRIPCION | F11: UND. | G11: CANTIDAD | H11: VALOR UNITARIO | I11: VALOR TOTAL
C13: 1 | D13: PRELIMINARES
D14: 1.01 | E14: Demolición de empedrado existente | F14: M2 | G14: 6 | H14: =+'INDICAR CÓDIGO DEL ITEM DE PAGO'!O67 -> 85785 | I14: =+H14*G14 -> 514710
D15: 1.02 | E15: Excavaciones de material común a mano | F15: M3 | G15: 9 | H15: =+'INDICAR CÓDIGO DEL ITEM DE PAGO'!O146 -> 48114 | I15: =+H15*G15 -> 433026
D16: 1.03 | E16: Relleno en material común | F16: M3 | G16: 2.3 | H16: =+'INDICAR CÓDIGO DEL ITEM DE PAGO'!O225 -> 96792 | I16: =+H16*G16 -> 222621.6
D17: 1.04 | E17: Retiro de material sobrante | F17: M3 | G17: 3 | H17: =+'INDICAR CÓDIGO DEL ITEM DE PAGO'!O304 -> 26632 | I17: =+H17*G17 -> 79896
C18: Subtotal | I18: =SUM(I14:I17) -> 1250253.6
C19: 2 | D19: ESTRUCTURA
D20: 2.01 | E20: Concreto clase f, 2000PSI para solados | F20: M2 | G20: 4 | H20: =+'INDICAR CÓDIGO DEL ITEM DE PAGO'!O383 -> 133955.67 | I20: =+ROUND(H20*G20,2) -> 535822.68
D21: 2.02 | E21: Concreto 3000 PSI para estructura | F21: M3 | G21: 5 | H21: =+'INDICAR CÓDIGO DEL ITEM DE PAGO'!O463 -> 1110487.5 | I21: =+H21*G21 -> 5552437.3
D22: 2.03 | E22: Placa fácil en Bloquelon | F22: M2 | G22: 16 | H22: =+'INDICAR CÓDIGO DEL ITEM DE PAGO'!O545 -> 127503.1 | I22: =+H22*G22 -> 2040049.6
D23: 2.04 | E23: Acero de refuerzo | F23: KG | G23: 188.29 | H23: =+'INDICAR CÓDIGO DEL ITEM DE PAGO'!O624 -> 13174.2 | I23: =+H23*G23 -> 2480570.1
H24: Subtotal | I24: =SUM(I20:I23) -> 10608880
C25: 3 | D25: MAMPOSTERIA, FRISO Y PINTURA
D26: 3.01 | E26: Muro en bloque H-15 | F26: M2 | G26: 44.58 | H26: =+'INDICAR CÓDIGO DEL ITEM DE PAGO'!O703 -> 55989.8 | I26: =+ROUND(H26*G26,0) -> 2496025
D27: 3.02 | E27: Pañete liso muros 1:4, e=1.5 cm | F27: M2 | G27: 41.24 | H27: =+'INDICAR CÓDIGO DEL ITEM DE PAGO'!O779 -> 50514 | I27: =+H27*G27 -> 2083197.4
D28: 3.03 | E28: Pintura 3 Manos en muros | F28: M2 | G28: 60 | H28: =+'INDICAR CÓDIGO DEL ITEM DE PAGO'!O858 -> 35401.3 | I28: =+H28*G28 -> 2124078
C29: Subtotal | I29: =SUM(I26:I28) -> 6703300.4
C30: 4 | D30: PISOS Y ENCHAPES
D31: 4.01 | E31: Enchape piso tableta colonial tipo Barichara | F31: M2 | G31: 16 | H31: =+'INDICAR CÓDIGO DEL ITEM DE PAGO'!O937 -> 55238 | I31: =+H31*G31 -> 883808
D32: 4.02 | E32: Enchape muros baños cerámica blanco | F32: M2 | G32: 28.8 | H32: =+'INDICAR CÓDIGO DEL ITEM DE PAGO'!O1016 -> 55238 | I32: =+H32*G32 -> 1590854.4
C33: Subtotal | I33: =SUM(I31:I32) -> 2474662.4
C34: 5 | D34: INSTALACIONES HIDROSANITARIAS
D35: 5.01 | E35: Punto hidráulico PVC RDE 21 de ½” | F35: UND | G35: 6 | H35: =+'INDICAR CÓDIGO DEL ITEM DE PAGO'!O1096 -> 7196 | I35: =+H35*G35 -> 43176
D36: 5.02 | E36: Punto Sanitario PVC 2” | F36: UND | G36: 5 | H36: =+'INDICAR CÓDIGO DEL ITEM DE PAGO'!O1178 -> 10114.7 | I36: =+H36*G36 -> 50573.5
D37: 5.03 | E37: Punto Sanitario PVC 4” | F37: UND | G37: 2 | H37: =+'INDICAR CÓDIGO DEL ITEM DE PAGO'!O1260 -> 19969.7 | I37: =+H37*G37 -> 39939.4
D38: 5.04 | E38: Caja de aguas negras 70x70 | F38: UND | G38: 1 | H38: =+'INDICAR CÓDIGO DEL ITEM DE PAGO'!O1342 -> 383703.01 | I38: =+H38*G38 -> 383703.01
D39: 5.05 | E39: Suministro e instalación de tubería hidráulica PVC RDE 21 de 1/2" | F39: ML | G39: 20 | H39: =+'INDICAR CÓDIGO DEL ITEM DE PAGO'!O1422 -> 7942 | I39: =+H39*G39 -> 158840
D40: 5.06 | E40: Suministro e instalación de tubería sanitaria PVC de 2" | F40: ML | G40: 10 | H40: =+'INDICAR CÓDIGO DEL ITEM DE PAGO'!O1503 -> 19891.7 | I40: =+H40*G40 -> 198917
D41: 5.07 | E41: Suministro e instalación de tubería sanitaria PVC de 4" | F41: ML | G41: 15 | H41: =+'INDICAR CÓDIGO DEL ITEM DE PAGO'!O1584 -> 34839.59 | I41: =+H41*G41 -> 522593.85
D42: 5.08 | E42: Suministro e instalación sanitario (incluye grifería) | F42: UND | G42: 2 | H42: =+'INDICAR CÓDIGO DEL ITEM DE PAGO'!O1665 -> 811420 | I42: =+H42*G42 -> 1622840
D43: 5.09 | E43: Suministro e instalación lavamanos en piedra (incluye grifería) | F43: UND | G43: 2 | H43: =+'INDICAR CÓDIGO DEL ITEM DE PAGO'!O1746 -> 567946 | I43: =+H43*G43 -> 1135892
D44: 5.1 | E44: Suministro e instalación de orinal (incluye grifería) | F44: UND | G44: 2 | H44: =+'INDICAR CÓDIGO DEL ITEM DE PAGO'!O1827 -> 905446 | I44: =+H44*G44 -> 1810892
D45: 5.11 | E45: Suministro e instalación sifón de piso 2" | F45: UND | G45: 1 | H45: =+'INDICAR CÓDIGO DEL ITEM DE PAGO'!O1912 -> 10114.7 | I45: =+H45*G45 -> 10114.7
D46: 5.12 | E46: Suministro e instalación de tanque de 500 litros (incluye accesorios) | F46: UND | G46: 1 | H46: =+'INDICAR CÓDIGO DEL ITEM DE PAGO'!O1994 -> 693601 | I46: =+H46*G46 -> 693601
D47: 5.13 | E47: Conexión de acometida hidráulica (sin medidor) | F47: UND | G47: 1 | H47: =+'INDICAR CÓDIGO DEL ITEM DE PAGO'!O2076 -> 254816 | I47: =+H47*G47 -> 254816
D48: 5.14 | E48: Conexión de acometida sanitaria | F48: UND | G48: 1 | H48: =+'INDICAR CÓDIGO DEL ITEM DE PAGO'!O2158 -> 339749 | I48: =+H48*G48 -> 339749
C49: Subtotal | I49: =SUM(I35:I48) -> 7265647.5
C50: 6 | D50: INSTALACIONES ELECTRICAS
D51: 6.01 | E51: Punto eléctrico para luz (Inc. Interruptor) | F51: UND | G51: 4 | H51: =+'INDICAR CÓDIGO DEL ITEM DE PAGO'!O2240 -> 87352.94 | I51: =+H51*G51 -> 349411.76
D52: 6.02 | E52: Punto eléctrico para tomacorriente Doble (Inc. Interruptor) | F52: UND | G52: 1 | H52: =+'INDICAR CÓDIGO DEL ITEM DE PAGO'!O2322 -> 87352.94 | I52: =+H52*G52 -> 87352.94
D53: 6.03 | E53: Suministro e instalación de luminaria tipo panel led 18w | F53: UND | G53: 2 | H53: =+'INDICAR CÓDIGO DEL ITEM DE PAGO'!O2408 -> 168051.63 | I53: =+H53*G53 -> 336103.26
D54: 6.04 | E54: Suministro e Instalación de lampara de pared tipo farol exterior 60 w | F54: UND | G54: 2 | H54: =+'INDICAR CÓDIGO DEL ITEM DE PAGO'!O2494 -> 316551.63 | I54: =+H54*G54 -> 633103.26
D55: 6.05 | E55: Acometida eléctrica | F55: UND | G55: 1 | H55: =+'INDICAR CÓDIGO DEL ITEM DE PAGO'!O2581 -> 804935 | I55: =+H55*G55 -> 804935
C56: Subtotal | I56: =SUM(I51:I55) -> 2210906.2
C57: 7 | D57: CARPINTERIA METALICA Y MADERA
D58: 7.01 | E58: Suministro e instalación de puerta de madera entamborada (0,7m x 2,2m) (incluye marco y pintura) | F58: UND | G58: 1 | H58: =+'INDICAR CÓDIGO DEL ITEM DE PAGO'!O2660 -> 524988 | I58: =+H58*G58 -> 524988
D59: 7.02 | E59: Suministro e instalación de puerta de madera entamborada (1,0m x 2,2m) (incluye marco y pintura) | F59: UND | G59: 1 | H59: =+'INDICAR CÓDIGO DEL ITEM DE PAGO'!O2739 -> 827955 | I59: =+H59*G59 -> 827955
D60: 7.03 | E60: Suministro e instalación de puerta de ventana de madera (0,6m x 0,5m) (incluye marco y pintura) | F60: UND | G60: 1 | H60: =+'INDICAR CÓDIGO DEL ITEM DE PAGO'!O2818 -> 344844 | I60: =+H60*G60 -> 344844
D61: 7.04 | E61: Suministro e instalación de puerta principal abatible madera (1.4 x 2.2m) (incluye marco y pintura) | F61: UND | G61: 1 | H61: =+'INDICAR CÓDIGO DEL ITEM DE PAGO'!O2897 -> 1227555 | I61: =+H61*G61 -> 1227555
D62: 7.05 | E62: Suministro e instalación de división en acero inoxidable (0,60mx1,0m) | F62: UND | G62: 1 | H62: =+'INDICAR CÓDIGO DEL ITEM DE PAGO'!O2976 -> 701055 | I62: =+H62*G62 -> 701055
C63: Subtotal | I63: =SUM(I58:I62) -> 3626397
C64: 8 | D64: CUBIERTA
D65: 8.01 | E65: Cubierta en teja de barro (incluye madera rolliza, caña brava y manto asfáltico) | F65: M2 | G65: 23 | H65: =+'INDICAR CÓDIGO DEL ITEM DE PAGO'!O3062 -> 472170.5 | I65: =+ROUND(H65*G65,2) -> 10859922
H66: Subtotal | I66: =SUM(I65:I65) -> 10859922
C68: SUBTOTAL OBRAS | I68: =+I66+I63+I56+I49+I33+I29+I24+I18 -> 44999968
C70: VALOR TOTAL | I70: =+I68 -> 44999968
C74: NOTA 1: Se debe tener en cuenta que el PRECIO UNITARIO incluye el valor de A.I.U. | F74: DESCRIPCION | I74: PORCENTAJE
C75: NOTA 2: Cuando la fracción decimal del peso sea igual o superior a 5 se aproximara por exceso al número entero siguiente del peso y cuando la fracción decimal del peso sea inferior a 5 se aproximará por defecto al número entero del peso. | F75: ADMINISTRACION | H75: A= | I75: 0.29
C76: NOTA 3: El A.I.U y su discriminación deben estar en porcentaje (%). | F76: IMPREVISTO | H76: I= | I76: 0.01
F77: UTILIDAD | H77: U= | I77: 0.05
C78: ING. JAIRO ANDRES QUINTERO PEÑALOZA | F78: TOTAL A.I.U | H78: A.I.U.= | I78: =+I77+I76+I75 -> 0.35
C79: Secretario de Infraestructura y Obras Públicas

Sheet INDICAR CÓDIGO DEL ITEM DE PAGO
B2: Formulario 1 - Propuesta económica - Documento tipo de mínima cuantía de obra pública de infraestructura social
B3: Versión: 1 de 21 de agosto de 2025
E8: MUNICIPIO DE BARICHARA
L9: VERSIÓN
L11: PÁGINA | M11: 1 | N11: DE | O11: 38
E13: ANALISIS DE PRECIOS UNITARIOS
L15: FECHA | M15: DD | N15: MM | O15: AA
M16: 29 | N16: 7 | O16: 2026
C20: DATOS ESPECÍFICOS
C22: ITEM | D22: DESCRIPCIÓN | M22: UNIDAD | O22: CANTIDAD
C23: =+'PRESUPUESTO OFICIAL (Entidad)'!D14 -> 1.01 | D23: =+'PRESUPUESTO OFICIAL (Entidad)'!E14 -> Demolición de empedrado existente | M23: =+'PRESUPUESTO OFICIAL (Entidad)'!F14 -> M2 | O23: =+'PRESUPUESTO OFICIAL (Entidad)'!G14 -> 6
C24: I. EQUIPO
C27: DESCRIPCIÓN | H27: MARCA | J27: TIPO | L27: TARIFA/HORA | M27: RENDIMIENTO | O27: Vr. UNITARIO
C28: HERRAMIENTA MENOR | J28: % | L28: =+O55 -> 46286 | M28: 0.1 | O28: =+ROUND(L28*M28,0) -> 4629
C29: TALADRO PERCUTOR | J29: ELECTRICO | L29: 120000 | M29: 10 | O29: =+L29/M29 -> 12000
C31: SUBTOTAL $ | O31: =SUM(O28:O30) -> 16629
C32: II. MATERIALES
C35: DESCRIPCIÓN | K35: UNIDAD | L35: CANTIDAD | M35: PRECIO UNIT. | O35: Vr. UNITARIO
C39: SUBTOTAL $ | O39: =SUM(O36:O38) -> 0
C40: III. TRANSPORTES
C43: MATERIAL | J43: VOL. o PESO | K43: DISTANCIA | L43: M3 o Ton/Km | M43: TARIFA | O43: Vr. UNITARIO
C44: TRANSPORTE MATERIAL | J44: 0.05 | K44: 7 | L44: M3 / Km | M44: 1800 | O44: =+M44*K44*J44 -> 630
C46: SUBTOTAL $ | O46: =SUM(O44:O45) -> 630
C47: IV. MANO DE OBRA
C50: TRABAJADOR | J50: JORNAL | K50: PRESTACIONES | L50: JORNAL TOTAL | M50: RENDIMIENTO | O50: Vr. UNITARIO
C51: CUADRILLA B (1 AYUD + 1 OFIC) | J51: 180000 | K51: 1.8 | L51: =ROUND(K51*J51,2) -> 324000 | M51: 7 | O51: =+ROUND(L51/M51,0) -> 46286
C55: SUBTOTAL $ | O55: =SUM(O51:O54) -> 46286
C57: TOTAL COSTO DIRECTO $ | O57: =ROUND(O55+O46+O39+O31,2) -> 63545
C58: V. COSTOS INDIRECTOS
C61: Descripción | L61: Porcentaje | M61: Valor Total
C62: ADMINISTRACION | L62: 0.29 | M62: =+ROUND(O57*L62,0) -> 18428
C63: IMPREVISTOS | L63: 0.01 | M63: =+ROUND(O57*L63,0) -> 635
C64: UTILIDAD | L64: 0.05 | M64: =+ROUND(O57*L64,0) -> 3177
C65: SUBTOTAL $ | O65: =SUM(M62:N64) -> 22240
C67: Precio Unitario Total Aproximado al peso $ | O67: =+O65+O57 -> 85785
H71: Elaboro
H74: ________________________________________________
H75: ING. JAIRO ANDRES QUINTERO PEÑALOZA
H76: Secretario de Infraestructura y Obras Públicas
E87: MUNICIPIO DE BARICHARA
L88: VERSIÓN
L90: PÁGINA | M90: 2 | N90: DE | O90: 38
E92: ANALISIS DE PRECIOS UNITARIOS
L94: FECHA | M94: DD | N94: MM | O94: AA
M95: 29 | N95: 7 | O95: 2026
C99: DATOS ESPECÍFICOS
C101: ITEM | D101: DESCRIPCIÓN | M101: UNIDAD | O101: CANTIDAD
C102: =+'PRESUPUESTO OFICIAL (Entidad)'!D15 -> 1.02 | D102: =+'PRESUPUESTO OFICIAL (Entidad)'!E15 -> Excavaciones de material común a mano | M102: =+'PRESUPUESTO OFICIAL (Entidad)'!F15 -> M3 | O102: =+'PRESUPUESTO OFICIAL (Entidad)'!G15 -> 9
C103: I. EQUIPO
C106: DESCRIPCIÓN | H106: MARCA | J106: TIPO | L106: TARIFA/HORA | M106: RENDIMIENTO | O106: Vr. UNITARIO
C107: HERRAMIENTA MENOR | J107: % | L107: =+O134 -> 32400 | M107: 0.1 | O107: =+ROUND(L107*M107,0) -> 3240
C110: SUBTOTAL $ | O110: =SUM(O107:O109) -> 3240
C111: II. MATERIALES
C114: DESCRIPCIÓN | K114: UNIDAD | L114: CANTIDAD | M114: PRECIO UNIT. | O114: Vr. UNITARIO
C118: SUBTOTAL $ | O118: =SUM(O115:O117) -> 0
C119: III. TRANSPORTES
C122: MATERIAL | J122: VOL. o PESO | K122: DISTANCIA | L122: M3 o Ton/Km | M122: TARIFA | O122: Vr. UNITARIO
C125: SUBTOTAL $ | O125: =SUM(O123:O124) -> 0
C126: IV. MANO DE OBRA
C129: TRABAJADOR | J129: JORNAL | K129: PRESTACIONES | L129: JORNAL TOTAL | M129: RENDIMIENTO | O129: Vr. UNITARIO
C130: CUADRILLA B (1 AYUD + 1 OFIC) | J130: 180000 | K130: 1.8 | L130: =ROUND(K130*J130,2) -> 324000 | M130: 10 | O130: =+ROUND(L130/M130,0) -> 32400
C134: SUBTOTAL $ | O134: =SUM(O130:O133) -> 32400
C136: TOTAL COSTO DIRECTO $ | O136: =ROUND(O134+O125+O118+O110,2) -> 35640
C137: V. COSTOS INDIRECTOS
C140: Descripción | L140: Porcentaje | M140: Valor Total
C141: ADMINISTRACION | L141: 0.29 | M141: =+ROUND(O136*L141,0) -> 10336
C142: IMPREVISTOS | L142: 0.01 | M142: =+ROUND(O136*L142,0) -> 356
C143: UTILIDAD | L143: 0.05 | M143: =+ROUND(O136*L143,0) -> 1782
C144: SUBTOTAL $ | O144: =SUM(M141:N143) -> 12474
C146: Precio Unitario Total Aproximado al peso $ | O146: =+O144+O136 -> 48114
H150: Elaboro
H153: ________________________________________________
H154: ING. JAIRO ANDRES QUINTERO PEÑALOZA
H155: Secretario de Infraestructura y Obras Públicas
E166: MUNICIPIO DE BARICHARA
L167: VERSIÓN
L169: PÁGINA | M169: 3 | N169: DE | O169: 38
E171: ANALISIS DE PRECIOS UNITARIOS
L173: FECHA | M173: DD | N173: MM | O173: AA
M174: 29 | N174: 7 | O174: 2026
C178: DATOS ESPECÍFICOS
C180: ITEM | D180: DESCRIPCIÓN | M180: UNIDAD | O180: CANTIDAD
C181: =+'PRESUPUESTO OFICIAL (Entidad)'!D16 -> 1.03 | D181: =+'PRESUPUESTO OFICIAL (Entidad)'!E16 -> Relleno en material común | M181: =+'PRESUPUESTO OFICIAL (Entidad)'!F16 -> M3 | O181: =+'PRESUPUESTO OFICIAL (Entidad)'!G16 -> 2.3
C182: I. EQUIPO
C185: DESCRIPCIÓN | H185: MARCA | J185: TIPO | L185: TARIFA/HORA | M185: RENDIMIENTO | O185: Vr. UNITARIO
C186: HERRAMIENTA MENOR | J186: % | L186: =+O213 -> 1296 | M186: 0.1 | O186: =+ROUND(L186*M186,0) -> 130
C187: RANA | J187: DÍA | L187: 60000 | M187: 30 | O187: =+L187/M187 -> 2000
C189: SUBTOTAL $ | O189: =SUM(O186:O188) -> 2130
C190: II. MATERIALES
C193: DESCRIPCIÓN | K193: UNIDAD | L193: CANTIDAD | M193: PRECIO UNIT. | O193: Vr. UNITARIO
C194: Material seleccionado | K194: m3 | L194: 1 | M194: 50000 | O194: =+M194*L194 -> 50000
C195: Agua | K195: Lts | L195: 30 | M195: 60 | O195: =+M195*L195 -> 1800
C196: Desperdicio | K196: % | L196: 0.04 | O196: =+(O194+O195)*L196 -> 2072
C197: SUBTOTAL $ | O197: =SUM(O194:O196) -> 53872
C198: III. TRANSPORTES
C201: MATERIAL | J201: VOL. o PESO | K201: DISTANCIA | L201: M3 o Ton/Km | M201: TARIFA | O201: Vr. UNITARIO
C202: TRANSPORTE MATERIAL | J202: 1 | K202: 8 | L202: m3/km | M202: 1800 | O202: =+M202*K202*J202 -> 14400
C204: SUBTOTAL $ | O204: =SUM(O202:O203) -> 14400
C205: IV. MANO DE OBRA
C208: TRABAJADOR | J208: JORNAL | K208: PRESTACIONES | L208: JORNAL TOTAL | M208: RENDIMIENTO | O208: Vr. UNITARIO
...

Sheet PROPUESTA ECONOMICA(Proponente)
B2: Formulario 1 - Propuesta económica - Documento tipo de mínima cuantía de obra pública de infraestructura social
B3: Versión: 1 de 21 de agosto de 2025
C9: FORMULARIO 1
C10: OFERTA ECONOMICA
C11: Nº | D11: ITEM DE PAGO | E11: DESCRIPCION | F11: UND. | G11: CANTIDAD | H11: VALOR UNITARIO | I11: VALOR TOTAL
C13: UNIDADES SANITARIAS
C14: 1 | D14: PRELIMINARES
D15: 1.01 | E15: Desmonte de puertas en madera (Incluye Corte y retiro marco) | F15: UND | G15: 6
D16: 1.02 | E16: Desmonte de aparatos sanitarios, lavamanos y orinal | F16: UND | G16: 11
C17: Subtotal | I17: =SUM(I15:I16) -> 0
C18: 2 | D18: OBRA CIVIL
D19: 2.01 | E19: Resanes y Pintura koraza a dos manos para exteriores | F19: M2 | G19: 30
D20: 2.02 | E20: Suministro e instalación de puertas en madera (incluye marco y pintura) | F20: UND | G20: 6
D21: 2.03 | E21: Suministro e instalación de división en acero inoxidable (0,60mx1,0m) | F21: UND | G21: 1
D22: 2.04 | E22: Suministro e instalación de aparatos sanitarios | F22: UND | G22: 4
D23: 2.05 | E23: Suministro e instalación de lavamanos | F23: UND | G23: 6
D24: 2.06 | E24: Suministro e instalación de orinal | F24: UND | G24: 1
D25: 2.07 | E25: Mantenimiento de las instalaciones eléctricas de las unidades sanitarias | F25: UND | G25: 2
H26: Subtotal | I26: =SUM(I19:I25) -> 0
C27: OFICINA COMISARIA DE FAMILIA
C28: 3 | D28: PRELIMINARES
D29: 3.01 | E29: Desmonte y retiro de elementos existentes sobrantes | F29: GLB | G29: 1
D30: 3.02 | E30: Apertura de huecos para extractor en muro D=0,25 M | F30: UND | G30: 2
C31: Subtotal | I31: =SUM(I29:I30) -> 0
C32: 4 | D32: OBRA CIVIL
D33: 4.01 | E33: Suministro e instalación de muro en sistema liviano en drywall (incluye acabados) | F33: M2 | G33: 18
D34: 4.02 | E34: Puerta en madera liviana para división en drywall, (incluye marco en madera) | F34: UND | G34: 2
D35: 4.03 | E35: Suministro e instalación de interruptores eléctricos independientes circuitos de iluminación en las divisiones (incluye canalización, cableado, cajas y accesorios) | F35: UND | G35: 4
D36: 4.04 | E36: Suministro e instalación de puertas en madera (incluye marco y pintura) | F36: UND | G36: 3
D37: 4.05 | E37: Reparación de humedad en muros y techos | F37: M2 | G37: 15
D38: 4.06 | E38: Suministro e instalación de extractor de aire en muro | F38: UND | G38: 2
D39: 4.07 | E39: Resanes y Pintura vinilo a dos manos para interiores | F39: M2 | G39: 164
D40: 4.06 | E40: Restauración de ventanas en madera | F40: UND | G40: 2
H41: Subtotal | I41: =SUM(I33:I40) -> 0
C43: SUBTOTAL OBRAS | I43: =+I26+I17+I41+I31 -> 0
C45: VALOR TOTAL | I45: =+I43 -> 0
C49: NOTA 1: Se debe tener en cuenta que el PRECIO UNITARIO incluye el valor de A.I.U. | F49: DESCRIPCION | I49: PORCENTAJE
C50: NOTA 2: Cuando la fracción decimal del peso sea igual o superior a 5 se aproximara por exceso al número entero siguiente del peso y cuando la fracción decimal del peso sea inferior a 5 se aproximará por defecto al número entero del peso. | F50: ADMINISTRACION | H50: A= | I50: 0.29
C51: NOTA 3: El A.I.U y su discriminación deben estar en porcentaje (%). | F51: IMPREVISTO | H51: I= | I51: 0.01
F52: UTILIDAD | H52: U= | I52: 0.05
F53: TOTAL A.I.U | H53: A.I.U.= | I53: =+I52+I51+I50 -> 0.35
E63: Firma del Proponente o de su Representante Legal
